 Dungeon Crawl Stone Soup version 0.21.0-3-g78d12a8 (webtiles) character file.

7234 Faca the Spear-Bearer (level 10, 0/90 HPs)
             Began as a Centaur Chaos Knight on Jan 9, 2018.
             Succumbed to a killer bee's poison
             ... on level 10 of the Dungeon.
             The game lasted 00:30:20 (12343 turns).

Faca the Spear-Bearer (Centaur Chaos Knight)       Turns: 12343, Time: 00:30:20

Health: 0/90       AC: 13    Str: 14    XL:     10   Next: 88%
Magic:  11/11      EV:  8    Int: 11    God:    Xom [.*....]
Gold:   1036       SH:  0    Dex: 11    Spells: 9/9 levels left

rFire    . . .     SeeInvis +   a - +0 spear (chaos)
rCold    + . .     Gourm    .   (no shield)
rNeg     . . .     Faith    .   x - +0 chain mail
rPois    .         Spirit   .   (helmet restricted)
rElec    .         Reflect  .   (no cloak)
rCorr    .         Harm     .   g - +1 pair of gloves
MR       ++...                  (no barding)
Stlth    ..........             (no amulet)
HPRegen  0.25/turn              i - ring of see invisible
MPRegen  0.12/turn              u - ring of protection from magic

@: lethally poisoned (0 -> -5), very slightly contaminated, invisible, very
quick
A: large, antennae 2, hooves 3, repulsion field 1, iridescent scales 1, cold
resistance 1, deformed body, speed 2, high mp 1, magic resistance 1, tough skin
3, weak 1, wild magic 2
a: Renounce Religion


You were on level 10 of the Dungeon.
You worshipped Xom.
You were a plaything of Xom.
You were not hungry.

You visited 1 branch of the dungeon, and saw 10 of its levels.

You collected 1186 gold pieces.
You spent 150 gold pieces at shops.

Inventory:

Hand Weapons
 a - a +0 spear of chaos (weapon)
 o - a +0 trident
 s - a +4 shortbow of velocity
Missiles
 d - 127 arrows
Armour
 g - a +1 pair of gloves (worn)
 h - a +2 helmet
 x - a +0 chain mail (worn)
Jewellery
 i - a ring of see invisible (left hand)
 u - a ring of protection from magic (right hand)
Wands
 f - a wand of iceblast (11)
Scrolls
 b - a scroll of noise {unknown}
 e - a scroll of magic mapping {unknown}
 j - a scroll of remove curse
 l - a scroll of teleportation {unknown}
 t - a scroll of blinking
 w - a scroll of fog
Potions
 k - a potion of ambrosia {unknown}
 m - 4 potions of haste
 n - a potion of agility
 q - a potion of cancellation
 r - a potion of might
Comestibles
 c - 14 rations


   Skills:
 + Level 8.4 Fighting
 + Level 9.0 Polearms
 + Level 7.8 Bows
 - Level 5.2 Armour
 - Level 5.0 Dodging
 - Level 2.1 Stealth


You had 9 spell levels left.
You didn't know any spells.

Dungeon Overview and Level Annotations

Branches:
Dungeon (10/15)            Temple (0/1) D:5            Lair (0/6) D:8
    Orc: D:9-12

Altars:
Kikubaaqudgha
Makhleb
Nemelex Xobeh
Okawaru
Sif Muna
Wu Jian
Xom
Yredelemnul
The Shining One

Shops:
D:4 (


Innate Abilities, Weirdness & Mutations

You have hooves in place of feet.
Armour fits poorly on your strangely shaped body.
You cover ground very quickly.
You have extremely tough skin. (AC +3)
You have a pair of antennae on your head.
You are surrounded by a mild repulsion field. (EV +2)
You are partially covered in iridescent scales. (AC +2)
Your flesh is cold resistant. (rC+)
You have an increased reservoir of magic. (+10% MP)
You are resistant to hostile enchantments. (MR+)
You are weak. (Str -2)
Your spells are harder to cast, but more powerful.


Message History

The killer bee poisons you!
* * * LOW HITPOINT WARNING * * *
You feel sick.
You hit the killer bee. You freeze the killer bee.
Your kick misses the killer bee.
The killer bee is lightly wounded.
The killer bee closely misses you.
You catch the helpless killer bee completely off-guard!
You hit the killer bee. You freeze the killer bee.
The killer bee is heavily wounded.
* * * LOW HITPOINT WARNING * * *
You feel sick. The killer bee barely misses you.
You closely miss the killer bee.
The killer bee is heavily wounded.
Your crimson imp disappears in a puff of smoke!
The killer bee closely misses you. x2
You completely miss the killer bee.
The killer bee is heavily wounded.
You die...
Xom snickers!

.. ....# #......# #.#
.#####..### #...(..# #.#
....#.....#######......####.#
....#.......................#
....#..............####.###.#
........######.##.........Y.#
...5............+...#<......#
.†Y.....######.##...#.#÷###.#
<.#§†.#.#....O.y@..##.#.# #.#
..#.........#...##.##.#.# #.#
..#.........#...##......# #.#
.5#....$....#...##......# #.#
............#...##.##.......#
..#.........#...##.##........
............#...##.###.######
.....#..........##.# #.#
....+....>... ... ...


You could see an ogre and a killer bee.

Vanquished Creatures
  The ghost of Buffagor the Thaumaturge, a novice GrEE of Vehumet (D:9)
  2 komodo dragons
  A troll (D:9)
  A hornet (D:7)
  4 yaks
  A hog (shapeshifter) (D:7)
  A fire bat (D:5)
  A hungry ghost (D:8)
  An orc warrior (D:8)
  A slave (D:8)
  A water moccasin (D:9)
  2 sky beasts
  A black bear (D:9)
  A necrophage (D:4)
  3 centaurs
  6 ogres
  An ice beast (D:8)
  3 phantoms
  A tengu (D:5)
  3 bullfrogs
  A wyvern zombie (D:7)
  2 scorpions
  20 killer bees
  2 howler monkeys (D:9)
  A crimson imp (D:6)
  A quasit (D:7)
  2 orc priests
  A bullfrog skeleton (D:7)
  4 hounds
  A centaur skeleton (D:5)
  2 jellies
  5 orc wizards
  An iguana (D:7)
  3 worker ants
  A killer bee zombie (D:5)
  3 hound skeletons
  2 worker ant zombies (D:5)
  14 gnolls
  9 adders
  A shadow imp (D:5)
  3 worms (D:2)
  4 dart slugs
  4 leopard geckos
  22 orcs
  3 ball pythons
  3 giant cockroaches
  3 goblins
  8 hobgoblins
  3 jackals (D:1)
  4 quokkas
  10 bats
  5 frilled lizards
  7 kobolds
  A quokka skeleton (D:7)
  A rat (shapeshifter) (D:4)
  8 rats
  A fungus (D:6)
202 creatures vanquished.

Vanquished Creatures (collateral kills)
  A two-headed ogre (D:9)
  Pikel (D:8)
  A yak (D:10)
  An ogre (D:5)
  A gnoll (D:3)
  A fungus (D:6)
6 creatures vanquished.

Vanquished Creatures (others)
  The ghost of pomescollege the Ducker, a novice DsGl (D:4)
  A bullfrog (D:8)
  A hound (D:8)
  An adder zombie (D:8)
  A leopard gecko (D:8)
  2 orcs (D:8)
  3 fungi (D:5)
  4 plants (D:8)
14 creatures vanquished.

Grand Total: 222 creatures vanquished

Notes
Turn   | Place    | Note
-------+----------+-------------------------------------------
     0 | D:1      | Faca the Centaur Chaos Knight began the quest for the Orb.
     0 | D:1      | Reached XP level 1. HP: 19/19 MP: 1/1
    90 | D:1      | XOM: divination: detect creatures
    96 | D:1      | Reached XP level 2. HP: 11/26 MP: 2/2
   101 | D:1      | Reached skill level 3 in Polearms
   410 | D:1      | XOM: medium Chrm miscast
   569 | D:1      | Reached XP level 3. HP: 31/31 MP: 3/3
   693 | D:2      | Found a glowing golden altar of the Shining One.
   844 | D:2      | Reached XP level 4. HP: 18/40 MP: 4/4
  1499 | D:3      | XOM: divination: detect items
  1573 | D:3      | XOM: cast spell 'Summon Small Mammal'
  1585 | D:3      | Reached skill level 4 in Polearms
  1586 | D:3      | Reached skill level 1 in Dodging
  1588 | D:3      | Reached XP level 5. HP: 42/46 MP: 5/5
  1737 | D:3      | XOM: harmless Tloc miscast
  1745 | D:3      | You fall through a shaft for 3 floors!
  1792 | D:5      | Entered Level 5 of the Dungeon
  1803 | D:5      | Noticed a phantom
  1833 | D:5      | Noticed an ogre
  1847 | D:5      | Killed an ogre
  1860 | D:5      | Found a basalt altar of Yredelemnul.
  1871 | D:5      | Reached XP level 6. HP: 47/53 MP: 6/6
  1873 | D:5      | Noticed a sky beast
  1885 | D:5      | a sky beast changed into a tengu
  1885 | D:5      | XOM: polymorph sky beast -> tengu
  1912 | D:5      | Reached skill level 5 in Polearms
  1923 | D:5      | XOM: confuse monster(s)
  1949 | D:5      | XOM: severe Erth miscast
  2009 | D:5      | XOM: summons 1 hostile demon
  2070 | D:5      | Reached XP level 7. HP: 59/60 MP: 7/7
  2117 | D:5      | Found a staircase to the Ecumenical Temple.
  2127 | D:5      | XOM: medium Ice miscast
  2257 | D:5      | XOM: confusion
  2257 | D:5      | XOM: butterfly on damage
  2428 | D:4      | Reached skill level 5 in Fighting
  2428 | D:4      | Reached skill level 1 in Stealth
  2464 | D:4      | Noticed pomescollege's ghost (novice DsGl)
  2468 | D:4      | XOM: mild Conj miscast
  2742 | D:3      | XOM: noise
  3654 | D:4      | XOM: swap monsters
  3660 | D:4      | Banished pomescollege's ghost
  3880 | D:4      | Reached skill level 6 in Polearms
  3890 | D:4      | Found Agen's Antique Weapon Emporium.
  4079 | D:4      | Bought a glowing shortbow for 150 gold pieces
  4114 | D:4      | Reached XP level 8. HP: 60/66 MP: 8/8
  4289 | D:5      | XOM: give mutations
  4289 | D:5      | Gained mutation: You possess an exceptional clarity of mind. [Xom's grace]
  4289 | D:5      | Gained mutation: You are resistant to hostile enchantments. (MR+) [Xom's grace]
  4289 | D:5      | Gained mutation: Your spells are a little harder to cast, but a little more powerful. [Xom's grace]
  4296 | D:5      | XOM: give mutations
  4296 | D:5      | Gained mutation: You are surrounded by a mild repulsion field. (EV +2) [Xom's grace]
  4296 | D:5      | Gained mutation: Your spells are harder to cast, but more powerful. [Xom's grace]
  4343 | D:5      | XOM: give mutations
  4343 | D:5      | Gained mutation: Your spells are much harder to cast, but much more powerful. [Xom's grace]
  4343 | D:5      | Gained mutation: Your mind is acute. (Int +2) [Xom's grace]
  4343 | D:5      | Gained mutation: You are robust. (+10% HP) [Xom's grace]
  4343 | D:5      | Gained mutation: Your system is resistant to poisons. (rPois) [Xom's grace]
  4394 | D:5      | XOM: fog
  4678 | D:6      | XOM: 2-stop teleportation journey
  4693 | D:6      | Reached skill level 1 in Bows
  4710 | D:6      | Reached skill level 7 in Polearms
  5102 | D:6      | XOM: snakes to sticks
  5107 | D:6      | XOM: blink monster(s)
  5147 | D:6      | XOM: severe Tloc miscast
  5280 | D:6      | XOM: give mutations
  5280 | D:6      | Lost mutation: Your mind is acute. (Int +2) [Xom's mischief]
  5280 | D:6      | Gained mutation: You occasionally shout uncontrollably at your foes. [Xom's mischief]
  5280 | D:6      | Lost mutation: You are robust. (+10% HP) [Xom's mischief]
  5604 | D:7      | Reached XP level 9. HP: 73/73 MP: 9/9
  5630 | D:7      | XOM: swap monsters
  5919 | D:7      | XOM: give mutations
  5919 | D:7      | Lost mutation: You possess an exceptional clarity of mind. [Xom's mischief]
  5919 | D:7      | Lost mutation: Your spells are much harder to cast, but much more powerful. [Xom's mischief]
  5919 | D:7      | Lost mutation: You occasionally shout uncontrollably at your foes. [Xom's mischief]
  5919 | D:7      | Gained mutation: You tend to lose your temper in combat. [Xom's mischief]
  5956 | D:7      | Lost mutation: Your system is resistant to poisons. (rPois) [potion of mutation]
  5956 | D:7      | Lost mutation: Your spells are harder to cast, but more powerful. [potion of mutation]
  5956 | D:7      | Lost mutation: You are resistant to hostile enchantments. (MR+) [potion of mutation]
  5956 | D:7      | Lost mutation: You tend to lose your temper in combat. [potion of mutation]
  5956 | D:7      | Gained mutation: You are resistant to hostile enchantments. (MR+) [potion of mutation]
  5956 | D:7      | Gained mutation: You have a pair of small antennae on your head. [potion of mutation]
  6079 | D:7      | XOM: harmless Fire miscast
  6196 | D:7      | XOM: chaos cloud
  6217 | D:7      | XOM: summons friendly ufetubus
  6231 | D:7      | XOM: enchant monster (good)
  6239 | D:7      | XOM: fake destruction
  6697 | D:7      | Found a burning altar of Makhleb.
  6703 | D:7      | Found an iron altar of Okawaru.
  6706 | D:7      | Found an ancient bone altar of Kikubaaqudgha.
  6710 | D:7      | Found an ornate altar of the Wu Jian Council.
  6711 | D:7      | Found a sparkling altar of Nemelex Xobeh.
  6987 | D:7      | XOM: mild Tmut miscast
  7441 | D:8      | Noticed Pikel
  7460 | D:8      | XOM: cast spell 'Summon Hydra'
  7463 | D:8      | Killed Pikel
  7463 | D:8      | Reached skill level 5 in Bows
  7474 | D:8      | Reached skill level 8 in Polearms
  7485 | D:8      | XOM: polymorph freed slave -> blink frog
  7502 | D:8      | XOM: god gift: club {god gift}
  7585 | D:7      | XOM: god gift: 13 stones
  7795 | D:8      | XOM: 4-stop teleportation journey
  8006 | D:8      | XOM: god gift: ration
  8157 | D:8      | Noticed a komodo dragon
  8157 | D:8      | Found a staircase to the Lair.
  8167 | D:8      | XOM: fake destruction
  8177 | D:8      | XOM: divination: magic mapping
  8185 | D:8      | Killed a komodo dragon
  8185 | D:8      | Reached XP level 10. HP: 51/86 MP: 10/10
  8187 | D:8      | XOM: confusion (+ monsters)
  8379 | D:9      | Found a deep blue altar of Sif Muna.
  8444 | D:9      | Noticed a two-headed ogre
  8448 | D:9      | XOM: medium Air miscast
  8461 | D:9      | XOM: confuse monster(s)
  8464 | D:9      | Killed a two-headed ogre
  8608 | D:9      | Noticed Buffagor's ghost (novice GrEE)
  8633 | D:9      | XOM: 2-stop teleportation journey
  8647 | D:9      | XOM: scenery: 2 doors open, 1 doors close
  8780 | D:9      | XOM: summons friendly iron imp
  8783 | D:9      | XOM: summons friendly iron imp
  8787 | D:9      | XOM: cleaving
  8793 | D:9      | Killed Buffagor's ghost
  8814 | D:9      | XOM: scenery: create altars
  9056 | D:9      | XOM: enchant monster (good)
  9334 | D:9      | Reached skill level 5 in Armour
  9344 | D:9      | XOM: 4-stop teleportation journey
  9482 | D:9      | XOM: cloud trail
  9698 | D:9      | XOM: scenery: create altars
  9714 | D:9      | XOM: summons friendly ufetubus
  9732 | D:9      | XOM: confuse monster(s)
 10258 | D:9      | XOM: god gift: 580 gold pieces
 10314 | D:9      | XOM: mild Air miscast
 10351 | D:9      | XOM: give mutations
 10351 | D:9      | Gained mutation: You are dopey. (Int -2) [Xom's mischief]
 10351 | D:9      | Gained mutation: You are partially covered in iridescent scales. (AC +2) [Xom's mischief]
 10351 | D:9      | Gained mutation: Your spells are harder to cast, but more powerful. [Xom's mischief]
 10351 | D:9      | Gained mutation: You are weak. (Str -2) [Xom's mischief]
 10383 | D:10     | Entered Level 10 of the Dungeon
 10436 | D:10     | XOM: give mutations
 10436 | D:10     | Gained mutation: Your flesh is cold resistant. (rC+) [Xom's grace]
 10436 | D:10     | Gained mutation: You have an increased reservoir of magic. (+10% MP) [Xom's grace]
 10436 | D:10     | Gained mutation: You have a pair of antennae on your head. [Xom's grace]
 10436 | D:10     | Lost mutation: You are dopey. (Int -2) [Xom's grace]
 10474 | D:10     | HP: 2/88 [komodo dragon (20)]
 10484 | D:10     | XOM: enchant monster (good)
 10847 | D:10     | XOM: confusion (+ monsters)
 10860 | D:10     | XOM: potion effect (brilliance)
 11238 | D:10     | XOM: noise
 11443 | D:9      | XOM: noise
 11448 | D:9      | XOM: blink monster(s)
 11452 | D:9      | XOM: summons 2 hostile shadow creatures
 11458 | D:9      | XOM: harmless Necr miscast
 11467 | D:9      | XOM: noise
 11747 | D:9      | Reached skill level 5 in Dodging
 11805 | D:9      | XOM: confusion (+ monsters)
 11806 | D:9      | XOM: polymorph bullfrog -> sky beast
 11807 | D:9      | XOM: summons 1 hostile demon
 11954 | D:9      | XOM: polymorph crocodile -> golden eye
 11960 | D:9      | XOM: polymorph yak -> water moccasin
 11977 | D:9      | XOM: polymorph golden eye -> yak
 11987 | D:9      | XOM: summons 10 friendly demons
 12025 | D:9      | XOM: harmless Tmut miscast
 12271 | D:10     | XOM: confuse monster(s)
 12305 | D:10     | XOM: summons 10 friendly demons
 12327 | D:10     | Reached skill level 9 in Polearms
 12338 | D:10     | HP: 2/90 [killer bee (6)]
 12343 | D:10     | Succumbed to a killer bee's poison

Skill      XL: |  1  2  3  4  5  6  7  8  9 10 |
---------------+-------------------------------+-----
Polearms       | 3 4 5 6 7 8 9 |  9.0
Fighting       | 4 5 6 7 8 |  8.4
Dodging        | 1 2 3 4 5 |  5.0
Armour         | 2 3 4 5 |  5.2
Stealth        | 1 2 |  2.1
Bows           | 2 5 7 |  7.8

Action                   |  1- 3 |  4- 6 |  7- 9 | 10-12 || total
-------------------------+-------+-------+-------+-------++-------
Melee: Spear             |    99 |   141 |   565 |   351 ||  1156
       Kick              |     8 |    21 |   119 |    76 ||   224
  Use: Scroll            |       |     5 |    10 |     3 ||    18
       Potion            |       |       |     5 |     5 ||    10
 Stab: Confused          |       |     1 |     3 |     2 ||     6
       Petrified         |       |       |     9 |       ||     9
       Paralysed         |       |       |    13 |     8 ||    21
       Distracted        |       |       |       |     3 ||     3
       Invisible         |       |       |       |     1 ||     1
       Petrifying        |       |       |       |     1 ||     1
  Eat: Ration            |       |     1 |     6 |     3 ||    10
       Chunk             |       |       |     2 |       ||     2
Armor: Leather armour    |    24 |    45 |   138 |     2 ||   209
       Chain mail        |       |       |       |   164 ||   164
Dodge: Dodged            |    26 |    60 |   181 |   124 ||   391
